 Dungeon Crawl Stone Soup version 0.28-b1-25-g9875b3fc8c (webtiles) character file.

Game seed: 17578364324336142685

6 lordive the Caller (level 1, -1/10 HPs)
             Began as a Tengu Summoner on Jan 31, 2022.
             Slain by a kobold (5 damage)
             ... on level 1 of the Dungeon.
             The game lasted 00:00:54 (198 turns).

lordive the Caller (Tengu Summoner)                  Turns: 198, Time: 00:00:55

Health: -1/10      AC:  2    Str:  8    XL:     1   Next: 90%
Magic:  1/4        EV: 12    Int: 15    God:
Gold:   0          SH:  0    Dex: 14    Spells: 3/4 levels left

rFire   . . .      SeeInvis .   (no weapon)
rCold   . . .      Faith    .   (no shield)
rNeg    . . .      Spirit   .   a - +0 robe
rPois   .          Reflect  .   (helmet restricted)
rElec   .          Harm     .   (no cloak)
rCorr   .          Rampage  .   (no gloves)
Will    .....                   (boots unavailable)
Stlth   ++........              (no amulet)
HPRegen 0.03/turn               (no ring)
MPRegen 0.09/turn               (no ring)

@: no status effects
A: beak, talons 3
a: no special abilities


You were on level 1 of the Dungeon.
You visited 1 branch of the dungeon, and saw 1 of its levels.

Inventory:

Armour
 a - a +0 robe (worn)


   Skills:
 + Level 2.2 Dodging
 - Level 2.0 Stealth
 + Level 2.0 Spellcasting
 + Level 5.1 Summonings


You had 3 spell levels left.
You knew the following spells:

 Your Spells              Type           Power      Damage    Failure   Level
a - Summon Small Mammal   Summ           68%        N/A       2%          1

Your spell library contained the following spells:

 Spells                   Type           Power      Damage    Failure   Level
 Call Imp                 Summ           17%        N/A       4%          2
 Call Canine Familiar     Summ           17%        N/A       8%          3
 Summon Guardian Golem    Hex/Summ       9%         N/A       22%         3
 Summon Lightning Spire   Summ/Air       9%         N/A       58%         4


Dungeon Overview and Level Annotations

Branches:
Dungeon (1/15)

Altars:


Innate Abilities, Weirdness & Mutations

You have a beak for a mouth.
You have claws for feet.


Message History

The hobgoblin closely misses you.
Your bat completely misses the hobgoblin.
The hobgoblin barely misses you.
Your bat closely misses the hobgoblin. x2
Your bat hits the hobgoblin.
Your bat barely misses the hobgoblin.
The hobgoblin misses you.
Your bat hits the hobgoblin. x2; The hobgoblin hits your bat.
Your bat hits the hobgoblin but does no damage.
Your bat barely misses the hobgoblin.
The hobgoblin hits your bat.
Your bat dies!
Your bat's corpse disappears in a puff of smoke!
The hobgoblin shouts!
You hear a shout!
Your bat hits the hobgoblin. The hobgoblin misses your bat.
Your bat hits the hobgoblin but does no damage.
The hobgoblin hits your bat.
Your bat dies!
Your bat's corpse disappears in a puff of smoke!
The hobgoblin shouts!
The hobgoblin closely misses you. The hobgoblin completely misses you.
A kobold comes into view. It is wielding a +0 short sword.
The hobgoblin hits you. The hobgoblin closely misses you.
A rat comes into view.
Your rat completely misses the hobgoblin.
The hobgoblin hits you.
Your rat bites the hobgoblin but does no damage.
Your rat bites the hobgoblin.
The hobgoblin hits your rat.
Your rat barely misses the hobgoblin.
Your rat bites the hobgoblin but does no damage.
The kobold hits you but does no damage. The hobgoblin hits your rat.
Your rat bites the hobgoblin but does no damage.
Your rat barely misses the hobgoblin.
The kobold hits you but does no damage. The hobgoblin hits your rat.
Your rat bites the hobgoblin.
The hobgoblin dies!
Your rat barely misses the kobold.
The kobold hits you with a +0 short sword.
Ouch! That really hurt!
You die...

...# ## ####≈≈≈ ≈≈≈≈≈≈≈ ≈
.≈≈≈..≈ .. ..## .......
.#. .).. ####### ... #..#
#.. #..####
#...####.....#
#..r.@.......#
#..rKr.......#
#######.............^####
...............####..#
#.############. #..#
#........ .. #..#
#.####### ## #..# #.#
#########..####### #.#
#.r..............#


You could see a kobold (ally target), a rat and 2 friendly rats.

Vanquished Creatures (collateral kills)
  A dart slug (D:1)
  An endoplasm (D:1)
  A hobgoblin (D:1)
  A frilled lizard (D:1)
4 creatures vanquished.

Notes
Turn   | Place    | Note
-------+----------+-------------------------------------------
     0 | D:1      | lordive the Tengu Summoner began the quest for the Orb.
     0 | D:1      | Reached XP level 1. HP: 10/10 MP: 4/4
   128 | D:1      | Reached skill level 5 in Summonings
   198 | D:1      | Slain by a kobold

Illustrated notes

Levels and vault maps discovered:
D:1:      minmay_arrival_floating_metal, layout_basic

Skill      XL: |  1 |
---------------+----+-----
Summonings     | 5 |  5.1
Dodging        | |  2.2
Stealth        | |  2.0
Spellcasting   | |  2.0

Action                   || total
-------------------------++-------
 Cast: Summon Small Mamm ||    12
Armor: Robe              ||     2
Dodge: Dodged            ||     8
